 Dungeon Crawl Stone Soup version 0.26.1-11-gd32895ea62 (webtiles) character file.

Game seed: 17228070260539635867

45 Zeld the Grasshopper (level 3, 0/24 HPs)
             Began as an Octopode Warper on May 16, 2021.
             Slain by a frilled lizard (2 damage)
             ... on level 2 of the Dungeon.
             The game lasted 00:01:01 (1296 turns).

Zeld the Grasshopper (Octopode Warper)              Turns: 1296, Time: 00:01:02

Health: 0/24       AC:  1    Str: 11    XL:     3   Next: 64%
Magic:  6/6        EV: 13    Int: 15    God:
Gold:   40         SH:  0    Dex: 11    Spells: 1/6 levels left

rFire    . . .     SeeInvis .   a - +0 mace
rCold    . . .     Faith    .   (no shield)
rNeg     . . .     Spirit   .   (helmet restricted)
rPois    .         Reflect  .   (no amulet)
rElec    .         Harm     .   (no ring)
rCorr    .         Rampage  .   (no ring)
Will     .....                  (no ring)
Stlth    ++........             (no ring)
HPRegen  0.08/turn              (no ring)
MPRegen  0.10/turn              (no ring)
                                (no ring)
                                (no ring)

@: lethally poisoned (0 -> -2)
A: almost no armour, stealthy swim, amphibious, 8 rings, constrict 8, camouflage
1, gelatinous body 1
a: no special abilities


You were on level 2 of the Dungeon.
You visited 1 branch of the dungeon, and saw 2 of its levels.

You collected 40 gold pieces.

Inventory:

Hand Weapons
 a - a +0 mace (weapon)
Missiles
 b - 5 boomerangs of dispersal (quivered)
Scrolls
 c - 2 scrolls of blinking
 e - 2 scrolls of identify {unknown}
 g - a scroll of remove curse {unknown}
Potions
 d - 2 potions of attraction {unknown}
 f - a potion of berserk rage {unknown}
 h - a potion of lignification {unknown}


   Skills:
 - Level 2.0 Fighting
 * Level 3.1 Maces & Flails
 - Level 1.0 Throwing
 - Level 2.3 Dodging
 + Level 2.4 Spellcasting
 + Level 3.4 Translocations


You had one spell level left.
You knew the following spells:

 Your Spells              Type           Power        Failure   Level
a - Blink                 Tloc           N/A          8%          2
b - Gell's Gravitas       Tloc           6%           16%         3

Your spell library contained the following spells:

 Spells                   Type           Power        Failure   Level
 Lesser Beckoning         Tloc           6%           16%         3
 Teleport Other           Tloc           12%          16%         3
 Passage of Golubria      Tloc           N/A          45%         4


Dungeon Overview and Level Annotations

Branches:
Dungeon (2/15)

Altars:
Ashenzari


Innate Abilities, Weirdness & Mutations

You cannot wear most types of armour.
You are very stealthy in the water. (Stealth+)
You are amphibious.
You can wear up to eight rings at the same time.
You can use your tentacles to constrict eight enemies at once.
Your skin changes colour to match your surroundings (Stealth+).
Your rubbery body absorbs attacks. (AC +1, EV +1)


Message History

The hobgoblin hits you with a +0 club.
Your Maces & Flails skill increases to level 3!
You hit the hobgoblin but do no damage. You grab the hobgoblin.
You constrict the hobgoblin. The hobgoblin hits you with a +0 club.
You are too injured to fight recklessly!
You are too injured to fight recklessly!
You are too injured to fight recklessly!
You release your grip on the hobgoblin.
You feel sick.
You barely miss the hobgoblin. You grab the hobgoblin.
The hobgoblin is lightly wounded.
You constrict the hobgoblin. The hobgoblin hits you with a +0 club.
* * * LOW HITPOINT WARNING * * *
You hit the hobgoblin.
You kill the hobgoblin!
You miss the frilled lizard. Your grab misses the frilled lizard.
You feel sick. The frilled lizard bites you.
* * * LOW HITPOINT WARNING * * *
You closely miss the frilled lizard. Your grab misses the frilled lizard.
Your squeeze misses the frilled lizard. The frilled lizard bites you.
You die...

#..........#
#..........#
#..........# #
#..........# #.
#..........#
#..##..........#
.......###...###
.......###...#
......ll@....#
.......##?...#
......> .....#
.......#.....#
.........#####
.......##
....... ..####.


You could see 2 frilled lizards.

Vanquished Creatures
  An adder (D:2)
  2 dart slugs (D:1)
  2 giant cockroaches (D:1)
  5 hobgoblins
  2 jackals (D:1)
  A ball python (D:1)
  5 bats
  2 frilled lizards (D:1)
  3 goblins (D:1)
  5 kobolds
  4 rats
32 creatures vanquished.

Notes
Turn   | Place    | Note
-------+----------+-------------------------------------------
     0 | D:1      | Zeld the Octopode Warper began the quest for the Orb.
     0 | D:1      | Reached XP level 1. HP: 14/14 MP: 3/3
   433 | D:1      | Reached XP level 2. HP: 15/19 MP: 5/5
   502 | D:1      | Learned a level 2 spell: Blink
   682 | D:1      | Found a broken altar of Ashenzari.
   864 | D:1      | Reached XP level 3. HP: 24/24 MP: 6/6
   880 | D:1      | Learned a level 3 spell: Gell's Gravitas
  1295 | D:2      | HP: 1/24 [frilled lizard (3)]
  1296 | D:2      | Slain by a frilled lizard

Illustrated notes

Levels and vault maps discovered:
D:1:      dpeg_arrival_water_fire, layout_basic, minivault_4,
          minmay_strange_pillars, ashenzari_altar_1
D:2:      layout_rooms, chequers_serial_rivers_small_a, uniq_jessica,
          uniq_crazy_yiuf_cottage

Skill      XL: |  1  2  3 |
---------------+----------+-----
Maces & Flails | 3 |  3.1
Fighting       | |  2.0
Throwing       | |  1.0
Dodging        | |  2.3
Spellcasting   | |  2.4
Translocations | |  3.4

Action                   || total
-------------------------++-------
Melee: Mace              ||    60
       Constrict         ||    20
       Tentacles         ||    10
 Stab: Sleeping          ||     6
Armor: Skin              ||     6
Dodge: Dodged            ||    33
